General information
- name: BNet
- type: Ladder team game (AT/RT)
- host: Battle.net
- saver: CarryMe!
map: TwilightRuins
- players: 8
- length: 44:20
- speed: Fast
- version: 1.28 W3XP
- replay type: Public
» download(447 KB)
Players
team 1 (loser)
wretcher (
orange | 79 APM | 3061 actions | 38:43)
6 Death Knight
3 Death Coil
2 Unholy Aura
1 Animate Dead
4 Lich
2 Frost Nova
2 Dark Ritual
» actions
| Assign group hotkey | 6 | |
| Basic commands | 41 | |
| Build / train | 122 | |
| Enter build submenu | 28 | |
| Enter hero's abilities submenu | 10 | |
| Give item / drop item | 5 | |
| Remove unit from queue | 1 | |
| Right click | 1728 | |
| Select / deselect | 857 | |
| Select group hotkey | 75 | |
| Use ability | 188 | |
3061 total
» units
| Acolyte | 26 | |
| Ghoul | 1 | |
| Crypt Fiend | 19 | |
| Goblin Shredder | 1 | |
| Mur'gul Snarecaster | 2 | |
| Goblin Zeppelin | 2 | |
| Obsidian Statue | 6 | |
| Frost Wyrm | 8 | |
| Goblin Sapper | 4 | |
| Meatwagon | 1 | |
70 total
» upgrades
| Burrow | 1 | |
| Web | 1 | |
| Destroyer Form | 1 | |
| Creature Carapace | 3 | |
| Creature Attack | 2 | |
| Freezing Breath | 1 | |
9 total
» buildings
| Crypt | 1 | |
| Graveyard | 1 | |
| Altar of Darkness | 1 | |
| Ziggurat | 8 | |
| Tomb of Relics | 1 | |
| Nerubian Tower | 1 | |
| Halls of the Dead | 1 | |
| Necropolis | 4 | |
| Black Citadel | 1 | |
| Slaughterhouse | 1 | |
| Sacrificial Pit | 1 | |
| Boneyard | 2 | |
| Spirit Tower | 4 | |
27 total
» build order
00:07 Crypt
00:23 Graveyard
00:42 Altar of Darkness
00:58 Ziggurat
01:24 Tomb of Relics
02:01 Ziggurat
03:39 Nerubian Tower
03:57 Halls of the Dead
04:23 Necropolis
07:09 Ziggurat
07:34 Black Citadel
07:56 Ziggurat
08:31 Slaughterhouse
09:09 Ziggurat
09:38 Sacrificial Pit
10:32 Boneyard
11:51 Ziggurat
14:50 Boneyard
17:20 Necropolis
18:44 Spirit Tower
20:38 Spirit Tower
21:15 Spirit Tower
24:17 Ziggurat
26:59 Necropolis
27:41 Ziggurat
29:48 Spirit Tower
32:23 Necropolis
» items
| Rod of Necromancy | 5 | |
| Dust of Appearance | 1 | |
| Potion of Lesser Invulnerability | 1 | |
| Scroll of Protection | 1 | |
| Potion of Healing | 3 | |
| Orb of Corruption | 1 | |
| Scroll of Town Portal | 9 | |
| Sacrificial Skull | 1 | |
| Scroll of Healing | 1 | |
23 total
spider-land (
purple | 82 APM | 3637 actions | 44:19)
8 Death Knight
3 Death Coil
3 Unholy Aura
1 Animate Dead
1 Death Pact
» actions
| Assign group hotkey | 41 | |
| Basic commands | 15 | |
| Build / train | 93 | |
| ESC pressed | 3 | |
| Enter build submenu | 48 | |
| Enter hero's abilities submenu | 8 | |
| Give item / drop item | 12 | |
| Remove unit from queue | 5 | |
| Right click | 1973 | |
| Select / deselect | 839 | |
| Select group hotkey | 471 | |
| Use ability | 129 | |
3637 total
» units
| Acolyte | 19 | |
| Ghoul | 9 | |
| Goblin Sapper | 1 | |
| Goblin Shredder | 1 | |
| Frost Wyrm | 13 | |
| Crypt Fiend | 8 | |
| Dryad | 1 | |
52 total
» upgrades
| Creature Attack | 3 | |
| Freezing Breath | 1 | |
| Creature Carapace | 2 | |
| Web | 1 | |
7 total
» buildings
| Altar of Darkness | 1 | |
| Ziggurat | 9 | |
| Crypt | 1 | |
| Tomb of Relics | 1 | |
| Nerubian Tower | 2 | |
| Halls of the Dead | 1 | |
| Graveyard | 1 | |
| Black Citadel | 1 | |
| Necropolis | 7 | |
| Sacrificial Pit | 2 | |
| Boneyard | 2 | |
| Spirit Tower | 3 | |
| Tree of Life | 2 | |
33 total
» build order
00:38 Altar of Darkness
00:42 Ziggurat
00:49 Crypt
01:30 Ziggurat
02:13 Tomb of Relics
02:23 Nerubian Tower
03:12 Halls of the Dead
03:23 Graveyard
04:17 Ziggurat
04:49 Ziggurat
05:55 Black Citadel
06:16 Necropolis
07:02 Sacrificial Pit
07:38 Ziggurat
08:44 Boneyard
08:45 Boneyard
09:31 Spirit Tower
12:10 Ziggurat
13:27 Sacrificial Pit
15:40 Ziggurat
15:58 Spirit Tower
18:10 Nerubian Tower
18:29 Necropolis
19:13 Ziggurat
19:15 Spirit Tower
19:34 Necropolis
33:31 Necropolis
34:01 Tree of Life
34:04 Tree of Life
36:53 Necropolis
41:11 Ziggurat
41:18 Necropolis
42:43 Necropolis
» items
| Rod of Necromancy | 1 | |
| Scroll of Town Portal | 5 | |
| Lesser Clarity Potion | 1 | |
| Moonstone | 1 | |
| Scroll of the Beast | 1 | |
| Sentry Wards | 1 | |
| Orb of Corruption | 1 | |
| Scroll of Healing | 1 | |
| Potion of Lesser Invulnerability | 1 | |
13 total
fgfdf (
red | 52 APM | 1463 actions | 28:21)
5 Keeper of the Grove
3 Entangling Roots
2 Force of Nature
» actions
| Assign group hotkey | 10 | |
| Build / train | 79 | |
| Enter build submenu | 13 | |
| Enter hero's abilities submenu | 6 | |
| Give item / drop item | 1 | |
| Remove unit from queue | 8 | |
| Right click | 586 | |
| Select / deselect | 306 | |
| Select group hotkey | 413 | |
| Use ability | 40 | |
1463 total
» units
| Wisp | 15 | |
| Dryad | 12 | |
| Druid of the Claw | 15 | |
42 total
» upgrades
| Strength of the Wild | 3 | |
| Reinforced Hides | 3 | |
| Ultravision | 2 | |
| Abolish Magic | 1 | |
| Druid of the Claw Training | 2 | |
| Well Spring | 1 | |
| Mark of the Claw | 1 | |
13 total
» buildings
| Moon Well | 9 | |
| Altar of Elders | 1 | |
| Hunter's Hall | 1 | |
| Ancient of Wonders | 1 | |
| Tree of Ages | 1 | |
| Tree of Eternity | 1 | |
| Ancient of Lore | 2 | |
| Tree of Life | 1 | |
17 total
» build order
00:16 Moon Well
00:24 Altar of Elders
01:40 Hunter's Hall
01:46 Moon Well
01:52 Moon Well
02:13 Ancient of Wonders
03:19 Tree of Ages
03:52 Moon Well
04:45 Moon Well
05:40 Tree of Eternity
05:56 Ancient of Lore
06:40 Ancient of Lore
06:48 Moon Well
06:52 Moon Well
09:15 Moon Well
11:44 Moon Well
26:46 Tree of Life
» items
| Boots of Speed | 1 | |
| Staff of Teleportation | 1 | |
| Scroll of Town Portal | 3 | |
| Claws of Attack +6 | 2 | |
| Circlet of Nobility | 1 | |
8 total

»
K.V.Felle00 (
green | 38 APM | 1668 actions | 43:49)
4 Archmage
2 Summon Water Elemental
2 Brilliance Aura
1 Keeper of the Grove
1 Tranquility
» actions
| Assign group hotkey | 15 | |
| Basic commands | 16 | |
| Build / train | 65 | |
| Enter build submenu | 53 | |
| Enter hero's abilities submenu | 5 | |
| Give item / drop item | 1 | |
| Remove unit from queue | 2 | |
| Right click | 657 | |
| Select / deselect | 497 | |
| Select group hotkey | 251 | |
| Use ability | 106 | |
1668 total
» units
| Peasant | 15 | |
| Rifleman | 7 | |
| Dragonhawk Rider | 3 | |
| Gryphon Rider | 1 | |
| Wisp | 1 | |
| Dryad | 3 | |
| Knight | 2 | |
| Frost Wyrm | 1 | |
33 total
» upgrades
| Long Rifles | 1 | |
| Swords | 1 | |
| Gunpowder | 1 | |
| Armor | 1 | |
| Cloud | 1 | |
| Masonry | 2 | |
| Plating | 1 | |
8 total
» buildings
| Farm | 16 | |
| Altar of Kings | 2 | |
| Blacksmith | 2 | |
| Barracks | 3 | |
| Lumber Mill | 2 | |
| Scout Tower | 11 | |
| Arcane Vault | 1 | |
| Guard Tower | 4 | |
| Arcane Tower | 1 | |
| Keep | 2 | |
| Gryphon Aviary | 2 | |
| Castle | 2 | |
| Town Hall | 2 | |
| Ziggurat | 1 | |
| Necropolis | 1 | |
52 total
» build order
00:11 Farm
00:36 Altar of Kings
00:52 Farm
01:07 Blacksmith
01:44 Barracks
01:51 Farm
02:12 Lumber Mill
02:17 Scout Tower
02:24 Scout Tower
02:30 Scout Tower
02:49 Arcane Vault
03:11 Guard Tower
04:43 Farm
04:57 Farm
06:00 Scout Tower
06:02 Farm
06:22 Arcane Tower
07:10 Keep
09:34 Gryphon Aviary
09:37 Gryphon Aviary
09:54 Castle
11:49 Farm
11:55 Farm
11:58 Farm
12:32 Scout Tower
12:34 Scout Tower
12:41 Farm
13:16 Guard Tower
13:21 Farm
24:51 Town Hall
26:08 Altar of Kings
26:11 Farm
27:19 Farm
29:40 Farm
30:35 Barracks
30:39 Barracks
30:40 Keep
31:45 Farm
32:54 Farm
33:02 Castle
33:48 Blacksmith
33:52 Lumber Mill
33:55 Scout Tower
33:59 Scout Tower
34:02 Scout Tower
34:08 Scout Tower
34:44 Guard Tower
35:04 Scout Tower
35:34 Guard Tower
40:06 Town Hall
41:11 Ziggurat
41:14 Necropolis
» items
| Dust of Appearance | 1 | |
| Scroll of Regeneration | 2 | |
| Scroll of Town Portal | 2 | |
| Potion of Healing | 2 | |
| Staff of Teleportation | 1 | |
8 total
team 2 (winner)
Grubby (
blue | 88 APM | 3906 actions | 44:19)
7 Blademaster
3 Wind Walk
3 Critical Strike
1 Bladestorm
» actions
| Assign group hotkey | 34 | |
| Build / train | 67 | |
| Enter build submenu | 47 | |
| Enter hero's abilities submenu | 7 | |
| Remove unit from queue | 2 | |
| Right click | 1164 | |
| Select / deselect | 263 | |
| Select group hotkey | 1930 | |
| Use ability | 392 | |
3906 total
» units
| Peon | 8 | |
| Troll Witch Doctor | 22 | |
30 total
» upgrades
| Witch Doctor Training | 2 | |
| Reinforced Defenses | 1 | |
| Spiked Barricades | 1 | |
4 total
» buildings
| Altar of Storms | 1 | |
| Orc Burrow | 5 | |
| Voodoo Lounge | 1 | |
| War Mill | 1 | |
| Stronghold | 1 | |
| Watch Tower | 38 | |
| Fortress | 1 | |
| Spirit Lodge | 4 | |
52 total
» build order
00:08 Altar of Storms
00:13 Orc Burrow
00:24 Voodoo Lounge
01:26 Orc Burrow
01:38 War Mill
02:45 Stronghold
03:01 Orc Burrow
03:17 Orc Burrow
04:06 Orc Burrow
04:10 Watch Tower
04:15 Watch Tower
04:27 Watch Tower
05:38 Fortress
05:58 Spirit Lodge
06:04 Spirit Lodge
06:32 Spirit Lodge
11:56 Watch Tower
12:00 Watch Tower
12:30 Watch Tower
19:22 Spirit Lodge
19:26 Watch Tower
19:31 Watch Tower
20:44 Watch Tower
20:47 Watch Tower
20:54 Watch Tower
20:55 Watch Tower
20:55 Watch Tower
21:00 Watch Tower
21:03 Watch Tower
21:07 Watch Tower
21:55 Watch Tower
21:58 Watch Tower
22:03 Watch Tower
22:09 Watch Tower
22:13 Watch Tower
22:47 Watch Tower
22:55 Watch Tower
22:59 Watch Tower
23:06 Watch Tower
23:06 Watch Tower
23:10 Watch Tower
23:53 Watch Tower
23:56 Watch Tower
24:05 Watch Tower
24:17 Watch Tower
24:19 Watch Tower
24:25 Watch Tower
24:25 Watch Tower
24:29 Watch Tower
25:38 Watch Tower
25:53 Watch Tower
28:21 Watch Tower
» items
| Healing Salve | 2 | |
| Lesser Clarity Potion | 7 | |
| Scroll of Speed | 4 | |
| Potion of Mana | 2 | |
| Potion of Healing | 2 | |
| Boots of Speed | 1 | |
| Scroll of Town Portal | 3 | |
| Orb of Lightning | 1 | |
| Potion of Lesser Invulnerability | 1 | |
23 total
Icandothat (
yellow | 115 APM | 5113 actions | 44:20)
8 Blademaster
3 Wind Walk
3 Critical Strike
1 Bladestorm
1 Mirror Image
8 Tauren Chieftain
3 Endurance Aura
3 War Stomp
1 Reincarnation
1 Shockwave
7 Shadow Hunter
3 Healing Wave
3 Hex
1 Big Bad Voodoo
» actions
| Assign group hotkey | 106 | |
| Basic commands | 558 | |
| Build / train | 127 | |
| ESC pressed | 6 | |
| Enter build submenu | 39 | |
| Enter hero's abilities submenu | 23 | |
| Give item / drop item | 8 | |
| Right click | 1498 | |
| Select / deselect | 873 | |
| Select group hotkey | 1526 | |
| Use ability | 349 | |
5113 total
» units
| Peon | 15 | |
| Grunt | 4 | |
| Troll Headhunter/Berserker | 6 | |
| Spirit Walker | 5 | |
| Kodo Beast | 2 | |
| Goblin Shredder | 3 | |
| Wind Rider | 11 | |
| Raider | 1 | |
47 total
» upgrades
| Berserker Strength | 1 | |
| Spirit Walker Training | 2 | |
| War Drums Damage Increase | 1 | |
| Berserker Upgrade | 1 | |
| Reinforced Defenses | 1 | |
| Pillage | 1 | |
| Envenomed Spears | 1 | |
| Ensnare | 1 | |
| Armor | 2 | |
| Ranged Weapons | 1 | |
| Pulverize | 1 | |
| Melee Weapons | 1 | |
14 total
» buildings
| Altar of Storms | 2 | |
| Orc Burrow | 13 | |
| Voodoo Lounge | 4 | |
| Barracks | 1 | |
| War Mill | 3 | |
| Stronghold | 2 | |
| Fortress | 1 | |
| Spirit Lodge | 2 | |
| Beastiary | 2 | |
| Great Hall | 5 | |
| Watch Tower | 4 | |
| Tauren Totem | 1 | |
| Tree of Eternity | 1 | |
41 total
» build order
00:10 Altar of Storms
00:21 Orc Burrow
01:06 Voodoo Lounge
01:37 Barracks
01:52 Orc Burrow
02:33 War Mill
02:44 Stronghold
03:25 Orc Burrow
05:08 Fortress
05:47 Spirit Lodge
05:50 Beastiary
06:04 Orc Burrow
09:25 Great Hall
09:27 Great Hall
11:46 Orc Burrow
11:52 Orc Burrow
12:43 Watch Tower
12:46 Watch Tower
12:47 Watch Tower
13:19 Beastiary
13:57 Tauren Totem
15:23 War Mill
16:05 Orc Burrow
16:41 Orc Burrow
20:33 Orc Burrow
20:42 Great Hall
21:27 Stronghold
21:34 Orc Burrow
22:59 Orc Burrow
24:59 Altar of Storms
25:05 Voodoo Lounge
25:11 Voodoo Lounge
26:51 Voodoo Lounge
26:58 War Mill
28:01 Spirit Lodge
28:30 Watch Tower
32:09 Great Hall
36:27 Tree of Eternity
38:00 Great Hall
41:18 Orc Burrow
41:27 Orc Burrow
» items
| Healing Salve | 6 | |
| Lesser Clarity Potion | 1 | |
| Circlet of Nobility | 6 | |
| Boots of Speed | 1 | |
| Scroll of Speed | 1 | |
| Scroll of Town Portal | 4 | |
| Potion of Healing | 1 | |
| Orb of Lightning | 1 | |
| Scroll of Healing | 7 | |
| Periapt of Vitality | 1 | |
| Potion of Lesser Invulnerability | 6 | |
35 total

»
Spritzspecht (
pink | 45 APM | 646 actions | 14:12)
4 Demon Hunter
1 Immolation
2 Evasion
1 Mana Burn
3 Priestess of the Moon
2 Trueshot Aura
1 Searing Arrows
» actions
| Assign group hotkey | 41 | |
| Build / train | 89 | |
| Enter build submenu | 16 | |
| Enter hero's abilities submenu | 7 | |
| Remove unit from queue | 3 | |
| Right click | 197 | |
| Select / deselect | 189 | |
| Select group hotkey | 56 | |
| Use ability | 48 | |
646 total
» units
| Wisp | 16 | |
| Archer | 6 | |
| Goblin Shredder | 1 | |
| Hippogryph | 9 | |
| Dryad | 8 | |
| Druid of the Talon | 2 | |
| Druid of the Claw | 1 | |
| Chimaera | 2 | |
45 total
» upgrades
| Strength of the Wild | 3 | |
| Reinforced Hides | 3 | |
| Abolish Magic | 1 | |
| Well Spring | 1 | |
| Druid of the Talon Training | 1 | |
| Druid of the Claw Training | 1 | |
| Corrosive Breath | 1 | |
11 total
» buildings
| Moon Well | 8 | |
| Altar of Elders | 1 | |
| Ancient of War | 1 | |
| Ancient of Wonders | 1 | |
| Hunter's Hall | 1 | |
| Tree of Life | 1 | |
| Tree of Ages | 2 | |
| Ancient of Wind | 1 | |
| Ancient of Lore | 1 | |
| Tree of Eternity | 2 | |
| Chimaera Roost | 1 | |
20 total
» build order
00:09 Moon Well
00:25 Altar of Elders
00:50 Ancient of War
01:34 Moon Well
01:47 Ancient of Wonders
02:12 Moon Well
02:50 Hunter's Hall
04:06 Tree of Life
04:19 Moon Well
05:18 Tree of Ages
05:18 Tree of Ages
05:36 Moon Well
06:35 Moon Well
07:40 Ancient of Wind
07:43 Ancient of Lore
09:07 Tree of Eternity
09:07 Tree of Eternity
10:30 Moon Well
10:31 Moon Well
12:20 Chimaera Roost
» items
| Scroll of Town Portal | 1 | |
| Potion of Healing | 1 | |
2 total
CarryMe! (
teal | 51 APM | 2270 actions | 44:20)
4 Demon Hunter
2 Mana Burn
1 Metamorphosis
1 Evasion
» actions
| Assign group hotkey | 24 | |
| Basic commands | 123 | |
| Build / train | 111 | |
| Enter build submenu | 62 | |
| Enter hero's abilities submenu | 5 | |
| Give item / drop item | 2 | |
| Remove unit from queue | 9 | |
| Right click | 740 | |
| Select / deselect | 510 | |
| Select group hotkey | 558 | |
| Use ability | 126 | |
2270 total
» units
| Peasant | 15 | |
| Wisp | 17 | |
| Chimaera | 3 | |
| Druid of the Claw | 1 | |
| Hippogryph | 9 | |
| Faerie Dragon | 8 | |
| Druid of the Talon | 4 | |
57 total
» upgrades
| Masonry | 2 | |
| Lumber Harvesting | 1 | |
| Druid of the Claw Training | 1 | |
| Druid of the Talon Training | 1 | |
| Mark of the Talon | 1 | |
| Ultravision | 1 | |
7 total
» buildings
| Lumber Mill | 1 | |
| Scout Tower | 37 | |
| Farm | 3 | |
| Arcane Tower | 3 | |
| Guard Tower | 24 | |
| Keep | 1 | |
| Tree of Life | 3 | |
| Ancient Protector | 13 | |
| Ancient of Wind | 4 | |
| Tree of Ages | 1 | |
| Moon Well | 9 | |
| Altar of Elders | 1 | |
| Ancient of Wonders | 1 | |
| Hunter's Hall | 1 | |
102 total
» build order
00:20 Lumber Mill
01:10 Scout Tower
01:13 Scout Tower
01:15 Scout Tower
01:17 Scout Tower
01:20 Scout Tower
01:26 Farm
01:30 Farm
01:41 Arcane Tower
01:57 Guard Tower
02:14 Guard Tower
02:49 Guard Tower
02:57 Guard Tower
03:05 Scout Tower
03:31 Arcane Tower
04:28 Scout Tower
04:29 Scout Tower
04:40 Scout Tower
04:41 Scout Tower
04:42 Scout Tower
04:46 Scout Tower
04:50 Scout Tower
04:53 Scout Tower
04:55 Scout Tower
04:59 Scout Tower
05:03 Scout Tower
05:32 Guard Tower
05:51 Guard Tower
05:53 Guard Tower
06:12 Guard Tower
06:13 Guard Tower
06:13 Guard Tower
06:38 Guard Tower
08:23 Guard Tower
08:51 Guard Tower
10:40 Scout Tower
10:41 Scout Tower
10:58 Scout Tower
10:58 Scout Tower
11:00 Scout Tower
11:03 Scout Tower
11:08 Scout Tower
11:09 Scout Tower
11:11 Scout Tower
11:12 Scout Tower
11:18 Scout Tower
11:18 Scout Tower
11:19 Scout Tower
11:20 Scout Tower
11:21 Scout Tower
11:22 Scout Tower
11:24 Scout Tower
11:25 Scout Tower
11:26 Scout Tower
11:27 Scout Tower
11:31 Keep
11:42 Guard Tower
11:48 Guard Tower
12:18 Guard Tower
12:24 Guard Tower
12:37 Guard Tower
12:38 Guard Tower
12:46 Guard Tower
12:52 Guard Tower
13:23 Guard Tower
13:40 Guard Tower
13:45 Guard Tower
13:58 Farm
14:33 Tree of Life
14:50 Ancient Protector
14:51 Ancient Protector
14:56 Ancient Protector
14:58 Ancient Protector
15:07 Ancient Protector
15:10 Ancient Protector
15:15 Arcane Tower
20:54 Ancient of Wind
21:22 Ancient Protector
21:22 Ancient Protector
21:22 Ancient Protector
21:23 Ancient Protector
21:24 Ancient Protector
21:33 Ancient Protector
21:37 Ancient Protector
23:05 Tree of Ages
23:18 Moon Well
23:19 Moon Well
23:21 Moon Well
23:22 Moon Well
23:23 Moon Well
24:15 Moon Well
24:17 Moon Well
24:19 Moon Well
24:20 Moon Well
26:56 Altar of Elders
27:33 Ancient of Wind
27:33 Ancient of Wind
28:54 Ancient of Wonders
29:54 Ancient of Wind
33:56 Hunter's Hall
36:11 Tree of Life
42:39 Tree of Life
» items
| Scroll of Town Portal | 2 | |
| Potion of Lesser Invulnerability | 1 | |
| Periapt of Vitality | 1 | |
| Scroll of Protection | 1 | |
5 total
Chat log
(00:19 / Allies) Spritzspecht: hyppos aa vs wyrms
(00:25 / Allies) CarryMe!: I feed pink
(00:41 / Allies) Spritzspecht: just play normal
(00:53 / Allies) Icandothat: you feed the ally farthest from you
(00:54 / Allies) CarryMe!: okay I feed yellow and blue
(00:57 / Allies) Icandothat: ?
(01:00 / Allies) Grubby: no
(01:06 / Allies) CarryMe!: okay I feed just yellow
(01:13 / Allies) Grubby: PLAY
(01:17 / Allies) Grubby: or
(01:18 / Allies) Grubby: gg
(04:01 / All) Grubby: mh lol
(04:53 / Allies) Spritzspecht: why u have no exes?
(08:17 / Allies) Spritzspecht: take exe or i take
(08:24 / Allies) Spritzspecht: any its lost
(08:36 / Allies) Spritzspecht: lok these nab
(09:08 / Allies) Grubby: wood
(09:55 / All) Spritzspecht: biggest noob team ever seen gg
(16:47 / Allies) Grubby: go
(21:24 / Allies) Grubby: just def my baseß
(21:27 / Allies) Grubby: i mass topwer
(21:59 / Allies) Grubby: wood
(22:50 / Allies) Icandothat: go
(23:58 / Allies) Grubby: wood
(26:43 / Allies) Icandothat: ty
(30:52 / Allies) Icandothat: tp?
(30:53 / Allies) CarryMe!: yes
(30:57 / Allies) Grubby: go?
(31:00 / Allies) CarryMe!: go
(31:00 / Allies) Grubby: go
(31:48 / Allies) CarryMe!: can someoen buy pink a tp?
(32:09 / Allies) CarryMe!: k den
(32:56 / Allies) CarryMe!: please buy pink a tp
(33:21 / Allies) CarryMe!: imbeciles
(34:09 / Allies) CarryMe!: if they have anything that can rape pink you lose pinks army
(34:52 / Allies) Grubby: good
(34:57 / Allies) Grubby: just kick exe and we win
(35:30 / Allies) Icandothat: 200 gold?
(36:00 / All) Grubby: u lose lol
(36:33 / Allies) Grubby: dont splitt
(36:38 / Allies) CarryMe!: where you guys
(37:56 / All) Grubby: leave
(38:40 / Allies) Icandothat: wtf
(38:54 / Allies) CarryMe!: dude I was using pink
(39:17 / Allies) CarryMe!: ya'll didn't use pink now you want to cancel my commands lawl
(40:07 / All) Grubby: cmon
(40:08 / All) Grubby: out
(41:25 / Allies) CarryMe!: think they want to last satand there
(42:14 / Allies) Icandothat: go?
(42:16 / All) spider-land: last fight?
(42:18 / All) spider-land: =)
(42:20 / Allies) CarryMe!: not a necessary battle if you don't want to fight it
(42:38 / Allies) Grubby: just go
(43:52 / All) Grubby: lol
(43:53 / All) Grubby: noob
(43:58 / All) spider-land: pro?